Map: Magma Mines

Players

MeMeBanDit - Winner!

  • Race: Zerg Zerg

Tenonee - Winner!

  • Race: Zerg Zerg

earlyattack

  • Race: Zerg Zerg

PutinPush

  • Race: Zerg Zerg

VOD

Have the link to the VOD?

Description

Time

  • Played on: July 17, 2016, 4:55 a.m.
  • Length: 7:08
Show
View Real Time Build Order
Export as new Build Order

MeMeBanDit Zerg - Winner!

Build Orders: Pool First, Zergling Baneling 

Get SALT Encoding   

  12  0:00  Drone  
  13  0:08  Drone  
  14  0:26  Extractor x2, Drone x2  
  15  0:29  Overlord  
  16  0:43  Spawning Pool  
  16  0:47  Drone  
  16  0:52  Drone  
  16  0:56  Extractor  
  16  0:58  Drone  
  17  1:11  Drone  
  18  1:21  Drone  
  19  1:31  Zergling x2  
  19  1:32  Hatchery  
  19  1:40  Queen  
  19  1:44  Drone  
  22  1:57  Metabolic Boost  
  22  2:03  Overlord  
  22  2:17  Baneling Nest  
  22  2:19  Zergling x2  
  22  2:22  Zergling x2  
  23  2:24  Zergling x2  
  24  2:36  Zergling x2  
  26  2:44  Zergling x2  
  26  2:46  Zergling x2  
  27  2:51  Zergling x4  
  27  2:52  Zergling x2  
  27  2:55  Zergling x2  
  31  3:01  Zergling x2  
  32  3:08  Zergling x2  
  32  3:12  Zergling x2  
  34  3:17  Zergling x2  
  35  3:23  Zergling x2  
  35  3:30  Zergling x2  
  35  3:33  Zergling x2  
  35  3:39  Zergling x2  
  35  3:41  Baneling x3  
  35  3:44  Baneling x2  
  35  3:48  Zergling x2  
  35  3:50  Zergling x2  
  35  3:52  Zergling x2  
  35  3:54  Baneling  
  35  3:55  Baneling, Zergling x2  
  35  3:58  Zergling x2  
  35  3:59  Zergling x2  
  35  4:01  Zergling x2  
  33  4:10  Zergling x4  
  33  4:22  Zergling x4  
  33  4:31  Baneling  
  32  4:35  Zergling x4  
  28  4:51  Zergling x4  
  27  4:55  Zergling x4  
  25  5:04  Zergling x4  
  26  5:14  Hatchery, Zergling x4  
  27  5:21  Baneling x2  
  27  5:25  Drone  
  27  5:27  Drone  
  29  5:30  Drone x2  
  29  5:31  Zergling x2  
  33  5:35  Zergling x2  
  33  5:38  Baneling  
  33  5:39  Baneling  
  33  5:40  Baneling  
  33  5:47  Baneling  
  33  5:48  Baneling  
  32  5:53  Zergling x2  
  32  5:54  Zergling x4  
  31  5:59  Zergling x8  
  31  6:02  Zergling x2  
  34  6:10  Zergling x2  
  34  6:13  Zergling x2  
  33  6:18  Zergling x2  
  33  6:26  Overlord x2  
  33  6:27  Drone x2  
  35  6:39  Baneling x3  
  35  6:42  Baneling x2  
Show
View Real Time Build Order
Export as new Build Order

Tenonee Zerg - Winner!

Build Orders: Hatch First 

Get SALT Encoding   

  12  0:02  Drone  
  13  0:08  Drone  
  14  0:35  Hatchery  
  14  0:38  Drone  
  14  0:41  Extractor  
  13  0:58  Spawning Pool  
  12  1:05  Drone  
  12  1:07  Drone  
  14  1:19  Overlord  
  14  1:44  Metabolic Boost  
  14  1:45  Queen  
  16  1:55  Queen  
  16  2:01  Drone  
  19  2:17  Drone x3  
  19  2:18  Drone x2  
  24  2:23  Overlord  
  24  2:34  Zergling x4  
  26  2:45  Zergling x4  
  26  2:51  Zergling x2  
  29  2:57  Zergling x8  
  33  3:09  Zergling x4  
  33  3:10  Zergling x2  
  36  3:14  Overlord x2  
  36  3:24  Baneling Nest  
  32  3:29  Overlord  
  32  3:45  Drone x4  
  32  3:46  Drone  
  34  4:03  Drone x6  
  34  4:06  Zergling x2  
  36  4:20  Zergling x8  
  36  4:21  Zergling x2  
  40  4:24  Lair  
  40  4:30  Zergling x6  
  40  4:31  Zergling x2  
  43  4:40  Roach Warren  
  42  4:50  Extractor  
  38  4:59  Zergling x14  
  47  5:00  Zergling x6  
  46  5:27  Baneling x5  
  46  5:28  Baneling  
  46  5:31  Glial Reconstitution  
  46  5:38  Extractor  
  46  5:42  Hatchery  
  41  5:55  Drone x6  
  41  5:56  Drone x3  
  49  6:07  Zergling x2  
  49  6:08  Zergling x14  
  55  6:20  Overlord x2  
  47  6:36  Drone  
  47  6:37  Drone  
  49  6:44  Roach x5  
  59  6:51  Baneling x4  
Show
View Real Time Build Order
Export as new Build Order

earlyattack Zerg 

Build Orders: Pool First 

Get SALT Encoding   

  12  0:01  Drone  
  13  0:12  Overlord  
  13  0:18  Drone  
  14  0:30  Extractor, Drone x2  
  15  0:35  Drone  
  16  0:45  Drone  
  17  0:55  Spawning Pool  
  16  1:00  Drone  
  17  1:12  Evolution Chamber  
  17  1:14  Drone  
  17  1:18  Drone  
  18  1:28  Drone  
  19  1:38  Zerg Melee Weapons Level 1  
  19  1:39  Overlord  
  19  1:44  Queen  
  21  1:53  Zergling x2  
  23  2:01  Zergling x2  
  23  2:11  Zergling x2  
  23  2:14  Metabolic Boost  
  24  2:22  Hatchery  
  23  2:27  Zergling x2  
  24  2:38  Queen  
  24  2:41  Overlord  
  26  2:52  Zergling x2  
  26  2:54  Zergling x4  
  27  3:31  Zergling x6  
  25  3:34  Zergling x2  
  22  3:48  Zergling x8  
  22  3:49  Zergling x2  
  18  4:06  Zergling x2  
  18  4:09  Zergling x4  
  19  4:20  Zergling x4  
  21  4:32  Zergling x4  
  21  4:33  Queen  
  25  4:39  Zergling x4  
  21  4:59  Zergling x2  
  23  5:00  Zergling x2  
  23  5:12  Zergling x4  
  23  5:14  Zergling x4  
  21  5:26  Zergling x4  
  23  5:43  Zergling x6  
  23  5:44  Zergling x2  
  24  6:08  Zergling x4  
  24  6:10  Zergling x2  
  7  6:22  Zergling x4  
  5  6:27  Zergling x2  
Show
View Real Time Build Order
Export as new Build Order

PutinPush Zerg 

Build Orders: Hatch First 

Get SALT Encoding   

  12  0:01  Drone  
  13  0:13  Overlord  
  13  0:18  Drone  
  14  0:32  Drone x2  
  16  0:36  Drone  
  17  0:53  Hatchery  
  17  0:56  Drone  
  17  0:59  Drone  
  18  1:12  Extractor  
  18  1:15  Spawning Pool  
  18  1:17  Drone  
  17  1:21  Drone  
  18  1:28  Drone  
  19  1:40  Overlord  
  19  1:45  Evolution Chamber  
  18  2:02  Queen  
  18  2:03  Zergling x2  
  18  2:04  Zergling x2  
  18  2:05  Queen  
  24  2:12  Zerg Melee Weapons Level 1  
  24  2:15  Drone  
  25  2:29  Drone  
  26  2:31  Drone  
  26  2:32  Drone x2  
  29  2:40  Overlord  
  29  2:42  Drone  
  30  3:00  Metabolic Boost  
  30  3:02  Zergling x6  
  32  3:11  Zergling x4  
  33  3:14  Overlord  
  33  3:23  Baneling Nest  
  32  3:33  Zergling x2  
  32  3:34  Zergling x4  
  35  3:41  Zergling x14  
  40  3:51  Zergling x2  
  40  3:54  Queen  
  40  3:55  Queen  
  40  4:00  Zergling x4  
  28  4:11  Zergling x14  
  28  4:12  Zergling x2  
  24  4:30  Drone x2  
  22  4:52  Zergling x10  
  21  5:08  Drone x3  
  24  5:22  Baneling x3  
  18  6:14  Zergling x10  
  18  6:15  Zergling x10  
  18  6:16  Zergling x4  
Tags
 
Add a new tag
Caveats
  • Supply blocks, unpowered buildings, or Contaminate may cause inaccurate times.
  • Supply counts are checked every 10 seconds.